 Dungeon Crawl Stone Soup version 0.28-a0-895-g6e5f11bd55 (webtiles) character file.

Game seed: 17828626964011549353

543 Crownlay the Firebug (level 7, -2/51 HPs)
             Began as a Gnoll Fire Elementalist on Nov 22, 2021.
             Was a Follower of Sif Muna.
             Slain by a phantom (6 damage)
             ... on level 4 of the Dungeon.
             The game lasted 00:07:20 (5085 turns).

Crownlay the Firebug (Gnoll Fire Elementalist)      Turns: 5085, Time: 00:07:20

Health: -2/51      AC:  4    Str:  5 (7)  XL:     7   Next: 27%
Magic:  1/15       EV: 13    Int: 13 (16) God:    Sif Muna [*.....]
Gold:   190        SH:  0    Dex: 12 (13) Spells: 10/17 levels left

rFire   . . .      SeeInvis .   d - +0 dagger
rCold   . . .      Faith    .   (no shield)
rNeg    . . .      Spirit   .   a - +0 robe
rPois   .          Reflect  .   (no helmet)
rElec   .          Harm     .   (no cloak)
rCorr   .          Rampage  .   n - +0 pair of gloves {archery}
Will    .....                   r - +0 pair of boots
Stlth   +++.......              (no amulet)
HPRegen 0.17/turn               (no ring)
MPRegen 0.14/turn               (no ring)

@: no status effects
A: fangs 1, strong nose, distributed training
a: Renounce Religion, Channel Magic


You were on level 4 of the Dungeon.
You worshipped Sif Muna.
Sif Muna was aware of your devotion.
You visited 1 branch of the dungeon, and saw 4 of its levels.

You collected 190 gold pieces.

Inventory:

Hand Weapons
 d - a +0 dagger (weapon)
 q - a +2 dagger of draining
 t - a +1 vampiric falchion
Armour
 a - a +0 robe (worn)
 n - a +0 pair of gloves of archery (worn)
 r - a +0 pair of boots (worn)
Magical Staves
 e - a staff of air
Wands
 p - a wand of iceblast (6)
Scrolls
 c - 2 scrolls of identify {unknown}
 f - a scroll of magic mapping {unknown}
 g - 2 scrolls of immolation
 i - a scroll of enchant weapon {unknown}
 l - a scroll of torment {unknown}
 m - a scroll of vulnerability {unknown}
 o - a scroll of silence {unknown}
 u - a scroll of teleportation {unknown}
Potions
 b - 2 potions of heal wounds {unknown}
 h - 2 potions of degeneration
 j - a potion of mutation {unknown}
 k - a potion of might {unknown}
 s - a potion of brilliance {unknown}


   Skills:
 + Level 2.3 Fighting
 + Level 2.3 Short Blades
 + Level 2.3 Long Blades
 + Level 2.3 Axes
 + Level 2.3 Maces & Flails
 + Level 2.3 Polearms
 + Level 2.3 Staves
 + Level 2.3 Slings
 + Level 2.3 Bows
 + Level 2.3 Crossbows
 + Level 2.3 Throwing
 + Level 2.3 Armour
 + Level 5.2 Dodging
 + Level 4.8 Stealth
 + Level 2.3 Shields
 + Level 2.3 Unarmed Combat
 + Level 5.5 Spellcasting
 + Level 2.9 Conjurations
 + Level 1.9 Hexes
 + Level 1.9 Summonings
 + Level 1.9 Necromancy
 + Level 1.9 Translocations
 + Level 1.9 Transmutations
 + Level 5.8 Fire Magic
 + Level 1.9 Ice Magic
 + Level 1.9 Air Magic
 + Level 1.9 Earth Magic
 + Level 1.9 Poison Magic
 + Level 2.6 Invocations
 + Level 2.3 Evocations


You had 10 spell levels left.
You knew the following spells:

 Your Spells              Type           Power      Damage    Failure   Level
a - Foxfire               Conj/Fire      60%        2x1d7     3%          1
b - Scorch                Fire           36%        2d7       2%          2
c - Flame Wave            Conj/Fire      15%        3d5       28%         4

Your spell library contained the following spells:

 Spells                   Type           Power      Damage    Failure   Level
 Conjure Flame            Conj/Fire      15%        6-21      9%          3
 Inner Flame              Hex/Fire       13%        N/A       11%         3
 Gell's Gravitas          Tloc           8%         N/A       24%         3
 Ozocubu's Armour         Ice            8%         N/A       24%         3
 Teleport Other           Tloc           8%         N/A       24%         3
 Dispersal                Tloc           4%         N/A       100%        6
 Ozocubu's Refrigeration  Ice            4%         4d5       100%        7


Dungeon Overview and Level Annotations

Branches:
Dungeon (4/15)
 Temple: D:4-7

Altars:
Ashenzari
Sif Muna

Shops:
D:2 (   D:3 *


Innate Abilities, Weirdness & Mutations

You have very sharp teeth.
Your uncanny sense of smell can sniff out nearby items.
Your experience applies equally to all skills.


Message History

Deactivating autopickup; reactivate with Ctrl-A.
Something hits you. Something shocks you.
* * * LOW HITPOINT WARNING * * *
A wave of flame ripples out!
The flame wave engulfs the phantom.
The phantom is heavily damaged.
The flame wave engulfs something.
The phantom barely misses you. Something barely misses you.
A wave of flame ripples out!
The flame wave engulfs the phantom!
The phantom is severely damaged.
The flame wave engulfs something.
The flame wave engulfs the centaur skeleton!
The centaur skeleton is heavily damaged.
You finish channelling waves of flame.
The phantom barely misses you. Something hits you.
* * * LOW HITPOINT WARNING * * *
Something shocks you.
* * * LOW HITPOINT WARNING * * *
The phantom barely misses you. Something hits you but does no damage.
The centaur skeleton closely misses you.
The centaur skeleton barely misses you.
Okay, then.
Casting: Flame Wave (quite dangerous; 24% risk of failure)
Confirm with . or Enter, or press ? or * to list all spells.
You don't have enough magic to cast this spell.
Casting: Flame Wave (quite dangerous; 24% risk of failure)
Confirm with . or Enter, or press ? or * to list all spells.
Flames lash something.
Sif Muna accepts your kill.
Reactivating autopickup.
You feel a bit more experienced.
The phantom hits you but does no damage.
The centaur skeleton misses you.
The centaur skeleton completely misses you.
It was a potion of degeneration.
There was something very wrong with that liquid.
You feel weakened.
You feel dopey.
You feel clumsy.
The centaur skeleton hits you but does no damage.
The centaur skeleton closely misses you.
The phantom hits you.
You die...

#..###......#.[.).#
.....#......#.....#
.....#......#§....#
####.#......#...†.#
.##..###########'##
###.##.. ...#....#
###.##. ...#....#
..#..## ...'..Z†#
...##.# ####..W@#
....#.## ##.######
.......###..#
..[......##.# ..
###..##.....#
#####..#
###...###..###
#...#...[. .....##
##.#.###..........
.....#
##...............#
.....#
##.........###...#


You could see a phantom and a centaur skeleton.

Vanquished Creatures
  A black bear (D:4)
  A sky beast (D:4)
  An ogre (D:4)
  A necrophage (D:4)
  A centaur zombie (D:3)
  A hound skeleton (D:4)
  8 adders
  2 worms
  2 dart slugs
  An orc (D:3)
  6 bats
  6 endoplasms
  A giant cockroach (D:1)
  8 goblins
  8 hobgoblins
  4 jackals (D:1)
  6 kobolds
  4 quokkas
  3 ball pythons
  2 frilled lizards (D:2)
  5 rats
72 creatures vanquished.

Vanquished Creatures (collateral kills)
  6 foxfires
6 creatures vanquished.

Vanquished Creatures (others)
  337 foxfires
  24 plants
361 creatures vanquished.

Grand Total: 439 creatures vanquished

Notes
Turn   | Place    | Note
-------+----------+-------------------------------------------
     0 | D:1      | Crownlay the Gnoll Fire Elementalist began the quest for
                  | the Orb.
     0 | D:1      | Reached XP level 1. HP: 13/13 MP: 6/6
   217 | D:1      | Reached XP level 2. HP: 19/19 MP: 4/7
  1029 | D:1      | Reached XP level 3. HP: 25/25 MP: 7/9
  1159 | D:1      | Reached skill level 5 in Spellcasting
  1485 | D:2      | Reached skill level 1 in Invocations
  1572 | D:2      | Reached skill level 1 in Fighting
  1572 | D:2      | Reached skill level 1 in Short Blades
  1572 | D:2      | Reached skill level 1 in Long Blades
  1572 | D:2      | Reached skill level 1 in Axes
  1572 | D:2      | Reached skill level 1 in Maces & Flails
  1572 | D:2      | Reached skill level 1 in Polearms
  1572 | D:2      | Reached skill level 1 in Staves
  1572 | D:2      | Reached skill level 1 in Slings
  1572 | D:2      | Reached skill level 1 in Bows
  1572 | D:2      | Reached skill level 1 in Crossbows
  1572 | D:2      | Reached skill level 1 in Throwing
  1572 | D:2      | Reached skill level 1 in Armour
  1572 | D:2      | Reached skill level 1 in Shields
  1572 | D:2      | Reached skill level 1 in Unarmed Combat
  1572 | D:2      | Reached skill level 1 in Evocations
  1633 | D:2      | Found Wooludgh's Weapon Shoppe.
  1637 | D:2      | Learned a level 2 spell: Scorch
  1787 | D:2      | Reached XP level 4. HP: 32/32 MP: 6/11
  2059 | D:2      | Found a shimmering blue altar of Sif Muna.
  2205 | D:2      | Became a worshipper of Sif Muna the Loreminder
  3081 | D:3      | Reached skill level 1 in Hexes
  3081 | D:3      | Reached skill level 1 in Summonings
  3081 | D:3      | Reached skill level 1 in Necromancy
  3081 | D:3      | Reached skill level 1 in Translocations
  3081 | D:3      | Reached skill level 1 in Transmutations
  3081 | D:3      | Reached skill level 1 in Ice Magic
  3081 | D:3      | Reached skill level 1 in Air Magic
  3081 | D:3      | Reached skill level 1 in Earth Magic
  3081 | D:3      | Reached skill level 1 in Poison Magic
  3191 | D:3      | Found Haarhakk's Assorted Antiques.
  3461 | D:3      | Learned a level 4 spell: Flame Wave
  3880 | D:3      | Found a broken altar of Ashenzari.
  3884 | D:3      | Saw a vision of the Swamp and the Snake Pit.
  3884 | D:3      | Noticed an alligator
  3884 | D:3      | Noticed an anaconda
  3884 | D:3      | Noticed a naga
  3884 | D:3      | Noticed a naga warrior
  3884 | D:3      | Noticed a naga ritualist
  3884 | D:3      | Noticed a black mamba
  3884 | D:3      | Noticed a naga sharpshooter
  3908 | D:3      | Reached XP level 5. HP: 34/37 MP: 3/12
  4450 | D:4      | Noticed an ogre
  4686 | D:4      | Reached * piety under Sif Muna
  4738 | D:4      | Killed an ogre
  4739 | D:4      | Reached XP level 6. HP: 44/44 MP: 6/13
  4892 | D:4      | Noticed a necrophage
  4950 | D:4      | Noticed a black bear
  4959 | D:4      | Noticed a sky beast
  4959 | D:4      | Killed a black bear
  4960 | D:4      | Reached skill level 5 in Dodging
  5069 | D:4      | Killed a necrophage
  5070 | D:4      | Reached XP level 7. HP: 44/50 MP: 8/15
  5085 | D:4      | Slain by a phantom

Illustrated notes

Levels and vault maps discovered:
D:1:      roderic_crop_circles_arrival_small, layout_loops_corners
D:2:      layout_basic, serial_shops, nicolae_shop_bloodbath_and_beyond,
          basic_altar, minmay_tall_x
D:3:      layout_basic, grunt_ashenzari_visionary
          [grunt_ashenzari_visionary_swamp, grunt_ashenzari_visionary_snake],
          serial_shops, shop_fountains, serial_bayou, serial_bayou_lagoon_a,
          serial_bayou_shore_a, serial_bayou_pond_e, serial_bayou_lake_a,
          serial_bayou_pond_a, kennysheep_big_empty_room, nrook_mini_backslash
D:4:      minmay_clustersquares, layout_cave_pools

Skill      XL: |  1  2  3  4  5  6 |
---------------+-------------------+-----
Conjurations   | 2 |  2.9
Spellcasting   | 5 |  5.5
Invocations    | 1 2 |  2.6
Fighting       | 1 2 |  2.3
Short Blades   | 1 2 |  2.3
Long Blades    | 1 2 |  2.3
Axes           | 1 2 |  2.3
Maces & Flails | 1 2 |  2.3
Polearms       | 1 2 |  2.3
Staves         | 1 2 |  2.3
Slings         | 1 2 |  2.3
Bows           | 1 2 |  2.3
Crossbows      | 1 2 |  2.3
Throwing       | 1 2 |  2.3
Armour         | 1 2 |  2.3
Shields        | 1 2 |  2.3
Unarmed Combat | 1 2 |  2.3
Evocations     | 1 2 |  2.3
Hexes          | 1 |  1.9
Summonings     | 1 |  1.9
Necromancy     | 1 |  1.9
Translocations | 1 |  1.9
Transmutations | 1 |  1.9
Ice Magic      | 1 |  1.9
Air Magic      | 1 |  1.9
Earth Magic    | 1 |  1.9
Poison Magic   | 1 |  1.9
Dodging        | 5 |  5.2
Stealth        | |  4.8
Fire Magic     | |  5.8

Action                   |  1- 3 |  4- 6 |  7- 9 || total
-------------------------+-------+-------+-------++-------
Melee: Unarmed           |     5 |       |       ||     5
       Dagger            |     2 |    26 |     3 ||    31
       Bite              |       |     2 |       ||     2
 Cast: Foxfire           |    64 |   147 |     1 ||   212
       Scorch            |       |     1 |     1 ||     2
       Flame Wave        |       |       |     1 ||     1
  Use: Scroll            |       |     1 |       ||     1
       Potion            |       |       |     1 ||     1
Armor: Robe              |     5 |     8 |     3 ||    16
Dodge: Dodged            |    20 |    17 |    13 ||    50

Table legend: (Time is in decaauts)
 A = Elapsed time spent in this place.
 B = Non-inter-level travel time spent in this place.
 C = Inter-level travel time spent in this place.
 D = Time resting spent in this place.
 E = Time spent auto-exploring this place.
 F = Levels seen in this place.
 G = Mean time per level.
                   A        B        C        D        E       F      G
               +--------+--------+--------+--------+--------+-----+--------+
         Total |   5158 |   4985 |    173 |     79 |   4218 |   4 | 1289.5 |
       Dungeon |   5158 |   4985 |    173 |     79 |   4218 |   4 | 1289.5 |
               +--------+--------+--------+--------+--------+-----+--------+

Top non-repeatable levels by time:
     D:3: 1530 daAuts
     D:2: 1529 daAuts
     D:1: 1412 daAuts
     D:4: 685 daAuts
